 Dungeon Crawl Stone Soup version 0.28-a0-1555-g9ae15a6949 (webtiles) character file.

Game seed: 9589551659301858268

85 derath95 the Skirmisher (level 4, -1/35 HPs)
             Began as a Demonspawn Fighter on Jan 18, 2022.
             Slain by a gnoll (4 damage)
             ... on level 3 of the Dungeon.
             The game lasted 00:05:29 (1634 turns).

derath95 the Skirmisher (Demonspawn Fighter)        Turns: 1634, Time: 00:05:30

Health: -1/35      AC:  7    Str: 18    XL:     4   Next: 25%
Magic:  4/5        EV:  9    Int: 10    God:
Gold:   85         SH:  4    Dex: 12    Spells: 5/5 levels left

rFire   . . .      SeeInvis .   a - +0 war axe
rCold   . . .      Faith    .   c - +0 buckler
rNeg    . . .      Spirit   .   b - +0 scale mail
rPois   .          Reflect  .   (no helmet)
rElec   .          Harm     .   (no cloak)
rCorr   .          Rampage  .   (no gloves)
Will    .....                   (no boots)
Stlth   ..........              (no amulet)
HPRegen 0.11/turn               (no ring)
MPRegen 0.09/turn               (no ring)

@: no status effects
A: sharp scales 1, weakness stinger 2
a: no special abilities


You were on level 3 of the Dungeon.
You visited 1 branch of the dungeon, and saw 3 of its levels.

You collected 85 gold pieces.

Inventory:

Hand Weapons
 a - a +0 war axe (weapon)
Armour
 b - a +0 scale mail (worn)
 c - a +0 buckler (worn)
Scrolls
 f - a scroll of acquirement {unknown}
 g - 2 scrolls of identify {unknown}
 h - a scroll of magic mapping {unknown}
 i - a scroll of noise {unknown}
Potions
 d - a potion of might
 e - a potion of resistance {unknown}
 j - a potion of curing {unknown}


   Skills:
 + Level 3.4 Fighting
 + Level 2.3(2.5) Axes
 + Level 1.1(1.9) Maces & Flails
 + Level 3.1 Armour
 + Level 3.1 Shields
 + Level 1.0 Spellcasting


You had 5 spell levels left.
You didn't know any spells.
Your spell library contained the following spells:

 Spells                   Type           Power      Damage    Failure   Level
 Foxfire                  Conj/Fire      0%         2x1d4     80%         1
 Conjure Flame            Conj/Fire      0%         6-21      99%         3
 Inner Flame              Hex/Fire       0%         N/A       99%         3
 Ozocubu's Armour         Ice            0%         N/A       99%         3
 Portal Projectile        Hex/Tloc       0%         N/A       99%         3
 Flame Wave               Conj/Fire      0%         2d4       100%        4
 Blade Hands              Tmut           0%         N/A       100%        5
 Excruciating Wounds      Necr           0%         N/A       100%        5
 Ozocubu's Refrigeration  Ice            0%         4d5       100%        7


Dungeon Overview and Level Annotations

Branches:
Dungeon (3/15)

Altars:


Innate Abilities, Weirdness & Mutations

You are partially covered in razor-sharp scales. (AC +1, Slay +1)
You have a tail ending in a sharp stinger.


Message History

The iguana closely misses you.
You slash the iguana!
You kill the iguana!
Your Maces & Flails skill increases to level 1!
You have reached level 4!
You feel clever.
Your demonic ancestry asserts itself...
Your tail grows a sharp stinger.
You slash the gnoll!
You kill the gnoll!
Your Spellcasting skill increases to level 1!
You block the orc's attack.
The gnoll hits you from afar with a +0 spear.
Items here: )) †††.
You closely miss the orc. The orc hits you with a +0 whip.
The gnoll hits you from afar with a +0 spear.
The orc suddenly grunts.
The orc hits you with a +0 whip. The gnoll barely misses you.
You barely miss the orc. The orc hits you with a +0 whip.
The gnoll hits you but does no damage.
You closely miss the orc.
Your tail-slap misses the orc.
The orc hits you but does no damage. The gnoll barely misses you.
The orc closely misses you.
The gnoll hits you from afar with a +0 spear.
You closely miss the orc.
Your tail-slap misses the orc.
The orc closely misses you. The gnoll hits you but does no damage.
You closely miss the orc. The orc barely misses you.
The gnoll hits you from afar with a +0 spear.
* * * LOW HITPOINT WARNING * * *
The orc hits you but does no damage.
The gnoll hits you from afar with a +0 spear.
* * * LOW HITPOINT WARNING * * *
You hit the orc.
The orc is almost dead.
The orc closely misses you.
The gnoll hits you from afar with a +0 spear.
* * * LOW HITPOINT WARNING * * *
You hit the orc.
You kill the orc!
The gnoll hits you from afar with a +0 spear.
You die...

#.# #.##........ #.#
#.#......... #.#
#..........# #######.#
#..#........ ........#
##........#.#
########.###...#######.#
.................# .
#######.########.# #@#
.# #)# # #g# .K. ...
..... ..... .......


You could see a gnoll and a kobold.

Vanquished Creatures
  An iguana (D:3)
  2 gnolls (D:3)
  A worm (D:2)
  An orc (D:3)
  2 ball pythons (D:1)
  4 bats
  6 endoplasms
  2 giant cockroaches
  5 goblins
  3 hobgoblins
  4 kobolds
  3 frilled lizards
  5 rats
39 creatures vanquished.

Vanquished Creatures (others)
  2 plants (D:2)
2 creatures vanquished.

Grand Total: 41 creatures vanquished

Notes
Turn   | Place    | Note
-------+----------+-------------------------------------------
     0 | D:1      | derath95 the Demonspawn Fighter began the quest for the
                  | Orb.
     0 | D:1      | Reached XP level 1. HP: 18/18 MP: 1/1
   196 | D:1      | Gained mutation: You are partially covered in razor-sharp
                  | scales. (AC +1, Slay +1) [demonic ancestry]
   196 | D:1      | Reached XP level 2. HP: 20/24 MP: 2/2
   196 | D:1      | Found a faded altar of an unknown god.
   840 | D:2      | Gained mutation: You have a small tail. [demonic ancestry]
   840 | D:2      | Reached XP level 3. HP: 18/29 MP: 3/3
  1626 | D:3      | Reached skill level 1 in Maces & Flails
  1626 | D:3      | Gained mutation: You have a tail ending in a sharp stinger.
                  | [demonic ancestry]
  1626 | D:3      | Reached XP level 4. HP: 25/35 MP: 3/5
  1627 | D:3      | Reached skill level 1 in Spellcasting
  1634 | D:3      | Slain by a gnoll

Illustrated notes

Levels and vault maps discovered:
D:1:      dpeg_arrival_round_a, layout_loops_ring,
          hellmonk_ecumenical_altar_prayer_group
D:2:      layout_basic, serial_forest, infiniplex_forest_straight_1,
          infiniplex_forest_split, infiniplex_forest_side_room,
          infiniplex_forest_fountain, infiniplex_forest_clump_large,
          minmay_tromino_i4
D:3:      layout_rooms, marbit_many_paths, grunt_ministairs_1, minmay_pentangle

Skill      XL: |  1  2  3  4 |
---------------+-------------+-----
Axes           | 2 |  2.3
Shields        | 3 |  3.1
Armour         | 3 |  3.1
Maces & Flails | 1 |  1.1
Spellcasting   | 1 |  1.0
Fighting       | |  3.4

Action                   |  1- 3 |  4- 6 || total
-------------------------+-------+-------++-------
Melee: War axe           |    94 |     8 ||   102
       Tailslap          |     4 |       ||     4
Armor: Scale mail        |    31 |     4 ||    35
Dodge: Dodged            |    41 |     6 ||    47
Block: Buckler           |    22 |     1 ||    23

Table legend: (Time is in decaauts)
 A = Elapsed time spent in this place.
 B = Non-inter-level travel time spent in this place.
 C = Inter-level travel time spent in this place.
 D = Time resting spent in this place.
 E = Time spent auto-exploring this place.
 F = Levels seen in this place.
 G = Mean time per level.
                   A        B        C        D        E       F      G
               +--------+--------+--------+--------+--------+-----+--------+
         Total |   1677 |   1652 |     25 |      0 |   1305 |   3 |  559.0 |
       Dungeon |   1677 |   1652 |     25 |      0 |   1305 |   3 |  559.0 |
               +--------+--------+--------+--------+--------+-----+--------+

Top non-repeatable levels by time:
     D:1: 848 daAuts
     D:2: 667 daAuts
     D:3: 161 daAuts
